[Event "*** Titled Tuesday Blitz"]
[Site "Chess.com"]
[Date "2021.02.09"]
[Round "6"]
[White "azikom"]
[Black "Onischuk_V"]
[Result "0-1"]
[WhiteElo "2650"]
[BlackElo "2824"]
[TimeControl "180+1"]
[EndTime "11:08:52 PST"]
[Termination "Onischuk_V won by resignation"]

1. d4 d6 2. Nf3 g6 3. g3 Bg7 4. Bg2 Nf6 5. O-O O-O 6. Nbd2 Nc6 7. b3 e5 8. dxe5 dxe5 9. Ba3 Re8 10. Nc4 e4 11. Qxd8 Rxd8 12. Ng5 h6 13. Nxe4 Nxe4 14.
Bxe4 Bxa1 15. Rxa1 Nd4 16. e3 Bf5 17. Bxb7 Nxc2 18.
Rc1 Rab8 19. Bf3 Nxa3 20. Nxa3 Rd2 21. g4 Be6 22. Nc2 c5 23. h3 a5 24. Kf1 a4 25.
Ke1 Rd6 26. bxa4 Ra6 27. Bd1 Rxa4 28. Nd4 Rc4 29. Rxc4 Bxc4 30. Nb3 Rc8 31. Kd2 Kf8 32. Kc3 Be6 33. a4 Ke7 34. Be2 Kd6 35. Nd2 Rb8 36.
Bb5 Kc7 37. Ne4 Kb6 38. Nd2 Rd8 39. Nc4+ Bxc4 40. Bxc4 f6 41. Bd3 g5 42. Bc2 Ka5 43. f4 gxf4 44. exf4 Rd4 45. f5 Rf4 46. Bd1 Kb6 47.
h4 Kc6 48. h5 Rf2 49. a5 Kb5 50. a6 Kxa6 51. Kc4 Kb6 52. Bb3 Rd2 53. Kc3 Rd4 54. Be6 Rxg4 0-1

[Event "*** Titled Tuesday Blitz"]
[Site "Chess.com"]
[Date "2021.02.09"]
[Round "6"]
[White "Taran2004"]
[Black "LawrenceTrent"]
[Result "1-0"]
[WhiteElo "2469"]
[BlackElo "2595"]
[TimeControl "180+1"]
[EndTime "11:08:52 PST"]
[Termination "Taran2004 won by resignation"]

1. Nf3 g6 2. g3 Bg7 3. Bg2 d6 4. O-O Nf6 5. c4 O-O 6. Nc3 c6 7. d4 Qb6 8. Qb3 Qxb3 9. axb3 Na6 10. Bg5 Bf5 11. Nh4 Bd7 12. e4 e5 13. Nf3 h6 14.
Be3 Ng4 15. h3 Nxe3 16. fxe3 Nb4 17. Rf2 a5 18. Na4 exd4 19. exd4 f5 20. Nb6 fxe4 21.
Nxd7 Rf7 22. Nfe5 Rxf2 23. Kxf2 dxe5 24. Nxe5 c5 25. Bxe4 cxd4 26. Nxg6 d3 27. Rd1 Rd8 28. Ne7+ Kf7 29. Nd5 Bxb2 30. Nxb4 axb4 31. Rxd3 Bd4+ 32.
Kf3 Kf6 33. Bxb7 Ke5 34. Bd5 Rf8+ 35. Kg4 Rf5 36. h4 h5+ 37. Kh3 Rf2 38. g4 hxg4+ 39.
Kxg4 Rf4+ 40. Kg5 Rf5+ 41. Kg4 Rf4+ 42. Kg5 Rf5+ 43. Kg6 Rf6+ 44. Kg7 Bc3 45. h5 Kf4 46. Rf3+ Kg5 47. Rxf6 Bxf6+ 48. Kf7 Bd4 49. Bf3 Kf4 50. Bd1 Ke3 51. h6 Kd2 52. Bg4 Kc2 53. Be6 Kxb3 54. c5+ Ka4 55. c6 Be5 56. h7 Kb5 57. c7 Bxc7 58. h8=Q 1-0

[Event "*** Titled Tuesday Blitz"]
[Site "Chess.com"]
[Date "2021.02.09"]
[Round "6"]
[White "Ladislav1969"]
[Black "RafalBRC"]
[Result "1-0"]
[WhiteElo "2316"]
[BlackElo "2080"]
[TimeControl "180+1"]
[EndTime "11:08:52 PST"]
[Termination "Ladislav1969 won on time"]

1. e4 e6 2. d4 d5 3. e5 c5 4. c3 Nc6 5. Nf3 Bd7 6. a3 c4 7. Nbd2 Na5 8. Be2 Ne7 9. Nf1 Nb3 10. Rb1 Nc6 11. N3d2 Nca5 12. Nxb3 Nxb3 13. Ne3 Ba4 14. O-O Qd7 15. f4 g6 16. g4 Be7 17. f5 gxf5 18. gxf5 Rg8+ 19. Kh1 Bg5 20. fxe6 Qxe6 21. Bg4 Qg6 22. Bf5 Qh6 23. Ng4 Qh4 24. Bxg5 Rxg5 25. Nf6+ Kd8 26. Rf3 Bc6 27. Qe2 Kc7 28.
Rh3 Qf4 29. Rf1 Qd2 30. Qxd2 Nxd2 31. Rf2 Ne4 32. Bxe4 dxe4 33. d5 Bd7 34. Rxh7 Rxe5 35. Rxf7 Rae8 36. Rxd7+ Kb6 37. Rd6+ Kc5 38. Re6 R5xe6 39.
dxe6 Rxe6 40. h4 e3 41. Re2 Rxf6 42. Rxe3 Rh6 43. Re4 Kb5 44. Kh2 1-0

[Event "*** Titled Tuesday Blitz"]
[Site "Chess.com"]
[Date "2021.02.09"]
[Round "6"]
[White "TigrVShlyape"]
[Black "Nikolaj_6"]
[Result "1-0"]
[WhiteElo "2844"]
[BlackElo "2647"]
[TimeControl "180+1"]
[EndTime "11:08:53 PST"]
[Termination "TigrVShlyape won by resignation"]

1. d4 Nf6 2. Nf3 g6 3. c3 Bg7 4.
Bg5 d6 5. Nbd2 h6 6. Bh4 Nbd7 7. e4 g5 8. Bg3 Nh5 9. Nc4 e6 10. Nfd2 Nxg3 11. hxg3 Qe7 12. Ne3 Nf6 13. Bd3 Bd7 14. Qe2 O-O-O 15. O-O-O Kb8 16. Kb1 c5 17. dxc5 dxc5 18.
f4 Bc6 19. e5 Nd5 20. Nxd5 exd5 21. Rhe1 Rhe8 22. Nf3 d4 23. cxd4 gxf4 24. gxf4 Bxf3 25. Qxf3 Rxd4 26. Be4 Red8 27. Rxd4 Rxd4 28. Rd1 Rxd1+ 29. Qxd1 f6 30. Qd5 fxe5 31. f5 Bf6 32. a4 a6 33. a5 Qc7 34. Kc2 Bd8 35. b3 Kc8 36. g4 Bg5 37. Qe6+ Kb8 38. Qg8+ Qd8 39. Qxd8+ Bxd8 40. Kd3 Bxa5 41. Kc4 Kc7 42. Kxc5 Bd2 43. f6 Bg5 44. f7 Be7+ 45. Kd5 Bf8 46. Ke6 a5 47. Kxe5 b5 48. Kf6 a4 49. bxa4 bxa4 50. Bd5 a3 51.
Bb3 Kd8 52. Kg6 Kd7 53. Kh7 Bb4 54. Kxh6 Kc6 55. g5 1-0

[Event "*** Titled Tuesday Blitz"]
[Site "Chess.com"]
[Date "2021.02.09"]
[Round "6"]
[White "Astaneh"]
[Black "HackingKid98"]
[Result "1-0"]
[WhiteElo "2655"]
[BlackElo "2476"]
[TimeControl "180+1"]
[EndTime "11:08:53 PST"]
[Termination "Astaneh won on time"]

1. d4 Nf6 2. Bf4 c5 3. d5 b5 4. c4 g6 5. e3 Bb7 6. Nc3 b4 7. Nce2 Bg7 8. Ng3 O-O 9. Nf3 e6 10. Bd6 Re8 11. Bxc5 exd5 12. Bd4 Nc6 13. cxd5 Nxd4 14.
Nxd4 Nxd5 15. Be2 Qe7 16. Bf3 Nxe3 17. fxe3 Qxe3+ 18. Nge2 Bxd4 19. Bxb7 Rab8 20. Ba6 Qf2+ 21. Kd2 Bxb2 22. Rb1 Bc3+ 23. Kc2 Rb6 24. Rf1 Qe3 25. Bc4 Qe4+ 26. Qd3 d5 27. Qxe4 Rxe4 28. Bd3 Re3 29. Nxc3 bxc3 30. Rxb6 axb6 31. Kxc3 Re7 32. Kd4 Ra7 33.
Rf2 Ra5 34. Rb2 Kg7 35. Bb5 f5 36. a4 Kf6 37. Kxd5 Ra8 38. Kc6 Rd8 39. Kxb6 Rd6+ 40. Bc6 Rd4 41. a5 Rb4+ 42. Rxb4 1-0

[Event "*** Titled Tuesday Blitz"]
[Site "Chess.com"]
[Date "2021.02.09"]
[Round "6"]
[White "Unknown_IM"]
[Black "Piccadilly123"]
[Result "1-0"]
[WhiteElo "2358"]
[BlackElo "2183"]
[TimeControl "180+1"]
[EndTime "11:08:54 PST"]
[Termination "Unknown_IM won by checkmate"]

1. e4 e6 2. d4 d5 3. e5 c5 4. c3 Nc6 5. Nf3 Qb6 6. a3 c4 7. Nbd2 Bd7 8. g3 Na5 9. Rb1 Ne7 10. h4 Nc8 11. Bh3 Qc7 12. O-O Nb6 13. Ne1 O-O-O 14. f4 g6 15. Ndf3 h5 16. Be3 Ba4 17. Qe2 Be7 18. Ng5 Bf8 19. Kg2 Re8 20. Bf2 Bh6 21. g4 hxg4 22. Bxg4 Nb3 23. Nef3 Kb8 24. Bg3 Nc8 25. Rh1 b5 26. h5 gxh5 27. Rxh5 Bxg5 28.
Nxg5 Rxh5 29. Bxh5 Rf8 30. Rh1 a5 31. Bg4 b4 32. Rh7 bxa3 33. bxa3 Bd7 34. Rxf7 Rxf7 35. Nxf7 Ne7 36. f5 Ka7 37. f6 Ng6 38. Bh5 Nf8 39. Qg4 Nc1 40. Qg8 Qc8 41. Nd6 Qd8 42. Be8 Bxe8 43.
Qxf8 Qc7 44. Qxe8 Qh7 45. Qe7+ Qxe7 46. fxe7 Nd3 47. e8=Q a4 48. Qd7+ Ka6 49. Qb7+ Ka5 50. Qb5# 1-0

[Event "*** Titled Tuesday Blitz"]
[Site "Chess.com"]
[Date "2021.02.09"]
[Round "6"]
[White "Orest_Vovk"]
[Black "bazar-wokzal"]
[Result "0-1"]
[WhiteElo "2409"]
[BlackElo "2533"]
[TimeControl "180+1"]
[EndTime "11:08:56 PST"]
[Termination "bazar-wokzal won by resignation"]

1. g4 e5 2. g5 Qxg5 3. d4 Qh5 4. dxe5 Nc6 5. Nf3 Nxe5 6. Nbd2 Nf6 7. Rg1 h6 8. Nxe5 Qxe5 9. Nf3 Qd5 10. Qxd5 Nxd5 11. Bd2 g6 12. O-O-O Bg7 13. e4 Ne7 14. e5 b6 15. Bh3 Bb7 16. Rg3 O-O-O 17. Bc3 Nd5 18. Bd2 Kb8 19. Re1 Rhe8 20. c4 Ne7 21. Bc3 Nc6 22. b4 d6 23. b5 Nxe5 24. Nxe5 Bxe5 25. Rge3 Bf4 26. Bd2 Bxe3 27. Bxe3 f5 28. Bf1 g5 29. Rd1 f4 30. Bd4 Bf3 31. Bd3 Bxd1 32. Kxd1 Re5 33.
Bxe5 dxe5 34. Ke2 Rd4 35. f3 h5 36. h3 g4 37. hxg4 hxg4 38. fxg4 e4 39. Bb1 Rxc4 40. g5 Rb4 41. Bc2 Rb2 42. Kd1 e3 43. g6 e2+ 44. Kxe2 Rxc2+ 45. Kf3 Rc1 46. Kf2 Rc5 0-1

[Event "*** Titled Tuesday Blitz"]
[Site "Chess.com"]
[Date "2021.02.09"]
[Round "6"]
[White "jamalm2"]
[Black "night_player"]
[Result "1/2-1/2"]
[WhiteElo "1946"]
[BlackElo "2235"]
[TimeControl "180+1"]
[EndTime "11:08:56 PST"]
[Termination "Game drawn by repetition"]

1. e4 c5 2. Nf3 Nc6 3. d4 cxd4 4. Nxd4 e5 5. Nb5 d6 6. c4 Be7 7. N1c3 a6 8. Na3 Be6 9. Nd5 Bxd5 10. cxd5 Nb8 11. Be2 Bg5 12. O-O Bxc1 13. Rxc1 Nf6 14. Qa4+ Nbd7 15. Nc4 O-O 16. Nxd6 b5 17. Qa3 Nb6 18.
Nb7 Qe8 19. Na5 Nxe4 20. Bf3 Nd2 21. Rfd1 Ndc4 22. Nxc4 Nxc4 23. Qb3 Rd8 24. a4 Nd6 25. axb5 Qxb5 26. Qxb5 Nxb5 27. Rc6 Rd6 28. Ra1 Ra8 29. g3 g6 30. Rxd6 Nxd6 31. Be2 a5 32. f3 Kf8 33.
Bd3 Ke7 34. Kf2 Nf5 35. Bxf5 gxf5 36. Ke3 Kd6 37. Rd1 a4 38. f4 e4 39. Rd4 a3 40.
bxa3 Rxa3+ 41. Ke2 Ra2+ 42. Ke3 Rxh2 43. g4 fxg4 44.
Kxe4 Re2+ 45. Kf5 g3 46. Rd1 g2 47. Rg1 Kxd5 48. Kg4 Ke4 49. f5 f6 50. Rb1 Ke3 51.
Kg3 Ke4 52. Kg4 Rd2 53. Re1+ Kd3 54. Kg3 Re2 55. Rd1+ Ke3 56. Rb1 Ke4 57. Kg4 1/2-1/2

[Event "*** Titled Tuesday Blitz"]
[Site "Chess.com"]
[Date "2021.02.09"]
[Round "6"]
[White "Trickster_Pony"]
[Black "Pantata007"]
[Result "0-1"]
[WhiteElo "1490"]
[BlackElo "2224"]
[TimeControl "180+1"]
[EndTime "11:08:56 PST"]
[Termination "Pantata007 won on time"]

1. c4 Nf6 2. g3 c6 3. Bg2 d5 4. Nf3 dxc4 5. O-O Nbd7 6. Qc2 Nb6 7.
Na3 Be6 8. Ne5 Qd4 9. Nxc6 bxc6 10. Bxc6+ Nfd7 11. Bxa8 Nxa8 12. d3 Nab6 13. Be3 cxd3 14. exd3 Qd5 15. Rac1 f6 16. f3 Bh3 17. Rf2 e5 18.
Nc4 Bc5 19. Nxb6 axb6 20. Bxc5 Nxc5 21. Rd1 O-O 22. d4 exd4 23. Rfd2 Qxf3 24. Rxd4 h5 25.
Rf4 Qe3+ 26. Kh1 Re8 27. Rg1 Bg4 28. Qc4+ Kh8 29. Qd5 Qe5 30. Qxe5 fxe5 31. Rb4 Bf3+ 32. Rg2 e4 33. Kg1 Bxg2 34. Kxg2 Re6 35. Kf2 Kh7 36. a4 Kg6 37. a5 bxa5 38. Rb5 Nd3+ 39. Ke3 Nb4 40. Rxa5 Nc2+ 41. Kd2 Nd4 0-1

[Event "*** Titled Tuesday Blitz"]
[Site "Chess.com"]
[Date "2021.02.09"]
[Round "6"]
[White "albi1999"]
[Black "Reader777"]
[Result "0-1"]
[WhiteElo "2623"]
[BlackElo "2807"]
[TimeControl "180+1"]
[EndTime "11:08:57 PST"]
[Termination "Reader777 won on time"]

1. d4 Nf6 2. c4 e6 3. g3 d5 4. Nf3 Bb4+ 5. Bd2 a5 6. Qc2 O-O 7. Bg2 c6 8. O-O Be7 9. Bf4 Nbd7 10. Rc1 Ne4 11. Nc3 Ndf6 12. Ne5 Nxc3 13. bxc3 Nd7 14. cxd5 exd5 15. e4 Nxe5 16. Bxe5 Be6 17. exd5 Bxd5 18. Bxd5 cxd5 19. Rab1 Qd7 20. Qb3 Ra7 21.
Qb6 Rfa8 22. Bb8 Bd8 23. Qxa7 Rxa7 24. Bxa7 Qc6 25. c4 dxc4 26. d5 Qa6 27. Be3 h5 28. a4 h4 29. Kg2 Qg6 30. Rxb7 Qe4+ 31. Kf1 Qxd5 32. Rbb1 h3 33. Rd1 Qg2+ 34. Ke2 Bf6 35. Rb8+ Kh7 36. Rc8 Qxh2 37. Rxc4 Qg2 38. Rcc1 Qe4 39.
Rh1 Kg6 40. Rh2 Qxa4 41. Kf3 Bb2 42.
Rc5 Qd1+ 43. Ke4 a4 0-1

[Event "*** Titled Tuesday Blitz"]
[Site "Chess.com"]
[Date "2021.02.09"]
[Round "6"]
[White "eljanov"]
[Black "AndrewMaco"]
[Result "1-0"]
[WhiteElo "2909"]
[BlackElo "2680"]
[TimeControl "180+1"]
[EndTime "11:08:59 PST"]
[Termination "eljanov won on time"]

1. Nf3 Nf6 2. g3 b5 3. Bg2 Bb7 4. O-O e6 5. d4 Be7 6. Qd3 a6 7. Re1 O-O 8. e4 d6 9. Bg5 Nbd7 10. Nbd2 h6 11. Bxf6 Nxf6 12. c3 c5 13. Qe2 Re8 14. Rad1 Qb6 15. e5 dxe5 16. dxe5 Nd5 17. Ne4 Rad8 18.
Rd2 Rd7 19. Red1 Red8 20. h4 Qc7 21. h5 Nb6 22. Rxd7 Rxd7 23. Rxd7 Nxd7 24. Ned2 c4 25. Qe3 Bc5 26. Qf4 f6 27. Ne4 Nxe5 28. Nxe5 fxe5 29. Qg4 Bf8 30. Qxe6+ Kh8 31. Qf5 Kg8 32. Qg6 Kh8 33. Qe8 Qe7 34. Qb8 Bd5 35. Nd2 Bf7 36. Nf3 Bxh5 37.
Nxe5 Be8 38. f4 g5 39. Qb6 Qc5+ 40. Qxc5 Bxc5+ 41. Kf1 Kg7 42. Ke2 Kf6 43. Bc6 Bh5+ 44. Ke1 Bd6 45. Bb7 1-0

[Event "*** Titled Tuesday Blitz"]
[Site "Chess.com"]
[Date "2021.02.09"]
[Round "6"]
[White "ckgchess"]
[Black "Brave_spirit12"]
[Result "1-0"]
[WhiteElo "2722"]
[BlackElo "2488"]
[TimeControl "180+1"]
[EndTime "11:09:00 PST"]
[Termination "ckgchess won on time"]

1. e4 e6 2. d3 d5 3. Nd2 Nc6 4. Ngf3 Nf6 5. g3 dxe4 6. dxe4 e5 7. Bg2 Bc5 8. O-O O-O 9. Qe2 Qe7 10. c3 a5 11. a4 b6 12. Nc4 Ba6 13. b3 Rad8 14. Nh4 Qe6 15. Nf5 g6 16. Nh6+ Kg7 17. Bg5 Rd7 18.
h4 Ng8 19. Nxg8 Kxg8 20. Kh2 Ne7 21. Bh3 f5 22. exf5 Nxf5 23. Rae1 Bxc4 24. bxc4 Kg7 25. Qxe5+ Qxe5 26. Rxe5 h6 27. Bf4 Rd3 28. h5 Nh4 29.
Rd5 Nf3+ 30. Kg2 Rxc3 31. hxg6 Nh4+ 32. Kh2 Nf3+ 33. Kh1 Kxg6 34. Bg4 Ng5 35. Kg2 Rxc4 36. Re1 Rxa4 37. Be2 Ne4 38. Bd3 Re8 39. Kf3 Ra3 40.
Rxe4 Rxe4 41. Kxe4 a4 42. Bxc7 Kg7 43. Be5+ Kf7 44.
Bd6 1-0

[Event "*** Titled Tuesday Blitz"]
[Site "Chess.com"]
[Date "2021.02.09"]
[Round "6"]
[White "ZarinaShafigullina"]
[Black "maximnovik"]
[Result "1-0"]
[WhiteElo "2430"]
[BlackElo "2577"]
[TimeControl "180+1"]
[EndTime "11:09:00 PST"]
[Termination "ZarinaShafigullina won on time"]

1. d4 Nf6 2. Nf3 g6 3. g3 Bg7 4. Bg2 d5 5. O-O O-O 6. c4 dxc4 7. Ne5 Nc6 8. Nxc6 bxc6 9. Na3 Be6 10. Bxc6 Rb8 11.
Qa4 Qxd4 12. Be3 Qxb2 13. Nxc4 Qxe2 14. Nd2 Qh5 15. Bxa7 Ra8 16. Bxa8 Rxa8 17. Rab1 Qd5 18. Qd4 Rxa7 19. Qxa7 Qxd2 20. Rb8+ Bf8 21. Qa8 Nd7 22. Rd8 Kg7 23. Qa7 Qc2 24. Qe3 Bf5 25. Re1 Nf6 26. Qe5 e6 27. Rc8 Bd6 28. Qe2 Nd5 29. Qxc2 Bxc2 30. Rc1 Bd3 31. a4 c5 32. a5 c4 33.
a6 Nb6 34. Rc6 Be4 35. Rxd6 Nc8 36. Rd8 Na7 37. Rd7 Nb5 38. a7 Bc6 39. Rd6 Nxd6 40.
Rd1 Nb5 41. Rd8 c3 42. a8=Q 1-0

[Event "*** Titled Tuesday Blitz"]
[Site "Chess.com"]
[Date "2021.02.09"]
[Round "6"]
[White "Nathan_Filgueiras"]
[Black "FGHSMN"]
[Result "0-1"]
[WhiteElo "2444"]
[BlackElo "2621"]
[TimeControl "180+1"]
[EndTime "11:09:00 PST"]
[Termination "FGHSMN won by resignation"]

1. e4 c5 2. Nf3 e6 3. d4 cxd4 4. Nxd4 a6 5. Bd3 Nf6 6. O-O Qc7 7. Qe2 d6 8. c4 Be7 9. Nc3 O-O 10. Be3 Nbd7 11.
Rac1 b6 12. f4 Re8 13. f5 Ne5 14. b3 Qd7 15. Rcd1 Bb7 16. Bb1 Rac8 17. h3 b5 18. g4 b4 19. fxe6 fxe6 20. Nd5 exd5 21. exd5 g6 22.
Qg2 Rf8 23. Ne6 Qxe6 24. dxe6 Bxg2 25. Kxg2 Ne8 26. Be4 Rxf1 27. Rxf1 Nc7 28. Bd4 Rf8 29. Rd1 Rd8 30. Bb6 Rc8 31. c5 d5 32. Bxd5 Nxd5 33.
Rxd5 Nc6 34. Rd7 Kg7 35. Bc7 Kf6 36. Bd6 Kxe6 37. Rb7 Bxd6 38. cxd6 Kxd6 39. Rxh7 Ne5 40. Ra7 Rc2+ 41. Kg3 Rxa2 42. Rb7 Ra3 43. Kf4 Rxb3 44. Rb6+ Kd5 45. Rxa6 Rf3+ 46. Kg5 Rxh3 47. Ra5+ Kd4 48.
Rb5 b3 49. Kf4 Nd3+ 50. Kg5 b2 51. Kxg6 Kc3 52. g5 Nb4 53. Rc5+ Kb3 0-1

[Event "*** Titled Tuesday Blitz"]
[Site "Chess.com"]
[Date "2021.02.09"]
[Round "6"]
[White "Mbneu"]
[Black "MuhittinBuker"]
[Result "1-0"]
[WhiteElo "2282"]
[BlackElo "2047"]
[TimeControl "180+1"]
[EndTime "11:09:00 PST"]
[Termination "Mbneu won on time"]

1. d4 Nf6 2. c4 e6 3. Nc3 Bb4 4.
Bg5 c5 5. d5 O-O 6. e3 exd5 7.
cxd5 d6 8. Nf3 h6 9. Bh4 Bg4 10. Be2 Nbd7 11. O-O a6 12. Rc1 b5 13. Nd2 Bxe2 14. Qxe2 Bxc3 15. Rxc3 g5 16. Bg3 Nxd5 17. Rd3 N7f6 18. e4 Re8 19. Qf3 Nf4 20. Bxf4 gxf4 21. Qxf4 Kg7 22. Rg3+ Kh7 23. Qf5+ Kh8 24. Rh3 Kg7 25.
Rg3+ Kh8 26. Qf4 Kh7 27. Rh3 Ng8 28. Nf3 Qf6 29. Qg4 Qg6 30. Qh4 Kh8 31. Rg3 Qxe4 32. Qh5 Qh7 33. Nh4 Re6 34. Nf5 Rg6 35. Re1 Rxg3 36.
hxg3 d5 37. Re5 Rd8 38. Qh4 f6 39. g4 d4 40. Re7 Qg6 41. Rg7 Qxg7 42. Nxg7 Kxg7 43.
Kf1 d3 44. Ke1 d2+ 45. Kd1 c4 46. Qg3 Rd3 47. Qc7+ Kg6 48. Qc6 Ne7 49. Qxa6 Nd5 50. Qxb5 1-0

[Event "*** Titled Tuesday Blitz"]
[Site "Chess.com"]
[Date "2021.02.09"]
[Round "6"]
[White "Kaua18"]
[Black "bugsbunny444"]
[Result "0-1"]
[WhiteElo "2415"]
[BlackElo "2598"]
[TimeControl "180+1"]
[EndTime "11:09:01 PST"]
[Termination "bugsbunny444 won by checkmate"]

1. e4 c5 2. Nf3 e6 3. d4 cxd4 4.
Nxd4 a6 5. Bd3 Nf6 6. e5 Qa5+ 7.
Nc3 Qxe5+ 8. Be3 Nc6 9. Nf3 Qc7 10. O-O d5 11. Re1 Be7 12. Bg5 O-O 13. a3 h6 14.
Bh4 Re8 15. Ne2 e5 16. c4 e4 17. cxd5 exf3 18. dxc6 fxe2 19. Qxe2 Be6 20. cxb7 Qxb7 21. Bxf6 Bxf6 22. Be4 Qxb2 23. Bxa8 Qxe2 24. Rxe2 Bxa1 25.
Bb7 Rb8 26. Be4 Kf8 27. g3 Bd4 28. Rd2 Bc5 29. a4 Bh3 30. Rd5 Rb4 31. Rxc5 Rxe4 32. f3 Rxa4 33. Rc7 h5 34. Ra7 g6 35. Kf2 Ra2+ 36.
Ke3 Bf1 37. Kf4 Rxh2 38. Kg5 Kg7 39. f4 Rh3 40. f5 Rxg3+ 41. Kf4 Rg4+ 42. Ke5 Rg5 43.
Kf4 Rxf5+ 44. Kg3 Bb5 45. Kh4 Kh6 46. Kg3 g5 47. Ra8 h4+ 48. Kg4 Rf4+ 49. Kh3 Kg6 50. Kg2 g4 51. Kh2 g3+ 52. Kh3 Bf1# 0-1

[Event "*** Titled Tuesday Blitz"]
[Site "Chess.com"]
[Date "2021.02.09"]
[Round "6"]
[White "Iskusnyh"]
[Black "GMBenjaminBok"]
[Result "0-1"]
[WhiteElo "2600"]
[BlackElo "2995"]
[TimeControl "180+1"]
[EndTime "11:09:02 PST"]
[Termination "GMBenjaminBok won on time"]

1. d4 d5 2. c4 c6 3. Nf3 Nf6 4. e3 Bf5 5. Nc3 e6 6. Nh4 Be4 7. f3 Bg6 8. Bd2 Be7 9. Nxg6 hxg6 10. Qc2 Nbd7 11. O-O-O Rc8 12. Kb1 a6 13. c5 e5 14.
Bd3 Qc7 15. f4 exd4 16. exd4 Kf8 17. f5 gxf5 18. Bxf5 Rxh2 19. Bg5 Re8 20. Qf2 Rxh1 21. Rxh1 Ng8 22. Bf4 Qd8 23. g4 Bg5 24. Bd6+ Be7 25. Bg3 Ndf6 26. g5 Ne4 27. Nxe4 dxe4 28. Bg6 Qd5 29. Rf1 f6 30. Bxe8 Kxe8 31. Qf4 Kf7 32. Qg4 Qxd4 33. Rd1 Qxc5 34. Qh5+ Kf8 35. Bf4 Qf5 36. Be3 fxg5 37. Qh1 Nf6 38. Qh8+ Kf7 39. Qh1 g4 40. Rf1 Qd5 41. Ka1 g3 42. a3 Qd3 43.
Qh5+ Kg8 44. Qf5 Qxe3 45. Qe6+ Kf8 46. Qc8+ Kf7 47. Qxb7 g2 0-1

[Event "*** Titled Tuesday Blitz"]
[Site "Chess.com"]
[Date "2021.02.09"]
[Round "6"]
[White "TokChess"]
[Black "CraiggoryC"]
[Result "1-0"]
[WhiteElo "2395"]
[BlackElo "2177"]
[TimeControl "180+1"]
[EndTime "11:09:02 PST"]
[Termination "TokChess won by resignation"]

1. b3 e5 2. Bb2 Nc6 3. e3 g6 4. Bb5 Bg7 5. Ne2 Nge7 6. O-O d6 7. d4 O-O 8. dxe5 dxe5 9. Nbc3 a6 10. Bxc6 Nxc6 11. Ng3 f5 12. Nd5 Be6 13. c4 Re8 14. Qd2 Ne7 15. Rfd1 c6 16. Nxe7+ Qxe7 17. Qd6 Rad8 18.
Qxe7 Rxd1+ 19. Rxd1 Rxe7 20. Ne2 Kf7 21. Kf1 Rd7 22.
Rxd7+ Bxd7 23. f4 c5 24. h4 e4 25. Bxg7 Kxg7 26. Ng3 b5 27. cxb5 axb5 28. Ke2 Be6 29. Kd2 c4 30. b4 c3+ 31. Kxc3 Bxa2 32. h5 Bc4 33. Kd4 Kf6 34. hxg6 hxg6 35. Nh1 Bf1 36. g3 Ke6 37. Nf2 Kd6 38. Nd1 Bc4 39. Nc3 Kc6 40.
Nb1 Kd6 41. Nd2 Bd3 42. Nb3 Bc4 43. Nc5 Be2 44. Nb7+ Kc7 45. Nc5 Kd6 46. Nb3 Bc4 47. Nc1 Bf1 48. Na2 Bc4 49. Nc3 Kc6 50. g4 Kd6 51. g5 Kc6 52. Ke5 Bd3 53. Kf6 1-0

[Event "*** Titled Tuesday Blitz"]
[Site "Chess.com"]
[Date "2021.02.09"]
[Round "6"]
[White "AlexOstrovskiy"]
[Black "Sharpchess22"]
[Result "0-1"]
[WhiteElo "2759"]
[BlackElo "2733"]
[TimeControl "180+1"]
[EndTime "11:09:03 PST"]
[Termination "Sharpchess22 won by resignation"]

1. d4 g6 2. e4 Bg7 3. Nc3 d6 4.
Be3 a6 5. h4 h5 6. Qd2 b5 7. Nf3 Bb7 8. Ng5 e6 9. O-O-O Nd7 10. f3 Ngf6 11. Kb1 Qe7 12. g3 O-O 13. Bh3 Rfd8 14. d5 e5 15. f4 exf4 16. gxf4 b4 17.
Ne2 Nxe4 18. Nxe4 Qxe4 19. f5 Ne5 20. Bh6 Nc4 21. Qg5 Qxe2 22. f6 Bxf6 23. Qxf6 Qe5 24. Bg5 Re8 25. Bd7 Qxf6 26. Bxf6 Re2 27. Rhg1 Nb6 28. Bc6 Bxc6 29. dxc6 Rae8 30. b3 Kf8 31. Rg5 R2e6 32. Bd4 Nc8 33. Ra5 Ne7 34. Rxa6 f5 35. Rg1 Kf7 36. Kb2 d5 37. Bc5 Rxc6 38. Ra5 Rb8 39.
Re1 Re6 40. Rxe6 Kxe6 41. Bxe7 Kxe7 42. Rxd5 Rb6 43. Rc5 Kd6 44. Rc4 c5 45. a3 bxa3+ 46. Kxa3 Ra6+ 47. Kb2 Rb6 48. Rc3 Kd5 49. Rc4 Rb5 50.
Rc3 Rb6 51. Rc4 Rf6 52. Rc3 f4 53. Rd3+ Ke4 54. Rd1 f3 55. Kc3 f2 0-1

[Event "*** Titled Tuesday Blitz"]
[Site "Chess.com"]
[Date "2021.02.09"]
[Round "6"]
[White "chescomhuynya"]
[Black "BahadirOzen"]
[Result "1/2-1/2"]
[WhiteElo "2497"]
[BlackElo "2717"]
[TimeControl "180+1"]
[EndTime "11:09:03 PST"]
[Termination "Game drawn by repetition"]

1. d4 d6 2. e4 g6 3. Nc3 Bg7 4.
g3 Nf6 5. Bg2 O-O 6. Nge2 e5 7.
O-O Nbd7 8. h3 a6 9. a4 b6 10. Be3 Bb7 11. Qd2 c6 12. g4 b5 13. Ng3 b4 14.
Nce2 exd4 15. Nxd4 c5 16. Nde2 Ne5 17. b3 Re8 18. f4 Nexg4 19. hxg4 Nxg4 20. Rad1 Qh4 21. Rfe1 Bc3 22. Nxc3 bxc3 23. Qe2 Qh2+ 24. Kf1 Qxg3 25. Bg1 Qxf4+ 26. Qf3 Nh2+ 27. Bxh2 Qxh2 28. Qxc3 Re6 29. Rd3 Rae8 30. Rh3 Qf4+ 31. Rf3 Qg5 32. Rfe3 Rf6+ 33.
Kg1 Rf4 34. Rg3 Rg4 35. Rxg4 Qxg4 36. Qd3 Re5 37. Re2 d5 38. Re1 Rg5 39. Re2 dxe4 40. Qd8+ Kg7 41. Rf2 Kh6 42. Qf8+ Kh5 43. Qxf7 Qd1+ 44.
Kh2 Qd6+ 45. Kg1 Qd1+ 46. Kh2 Qd6+ 47. Kg1 Qd1+ 1/2-1/2

[Event "*** Titled Tuesday Blitz"]
[Site "Chess.com"]
[Date "2021.02.09"]
[Round "6"]
[White "xberli"]
[Black "Abdimalik_Abdisalimov"]
[Result "1-0"]
[WhiteElo "2461"]
[BlackElo "2289"]
[TimeControl "180+1"]
[EndTime "11:09:03 PST"]
[Termination "xberli won on time"]

1. Nf3 c5 2. g3 g6 3. Bg2 Bg7 4. O-O Nc6 5. c3 e5 6. e4 Nge7 7. a3 a5 8. d3 O-O 9. Be3 d6 10. Qc1 f5 11. Bh6 a4 12. Bxg7 Kxg7 13. Nbd2 Na5 14. Qe1 b6 15. Rd1 Ba6 16. c4 f4 17.
Nb1 b5 18. cxb5 Bxb5 19. Nc3 Qb6 20. Ng5 Bd7 21. Nd5 Nxd5 22. exd5 h6 23. Ne4 f3 24. Bh1 Bh3 25. Qe3 Bxf1 26. Rxf1 Nb3 27. Bxf3 Nd4 28. Bd1 Rf7 29. h4 Rb7 30. h5 g5 31. Bg4 Rf8 32. Kg2 Qd8 33. Rb1 Rb3 34. Nc3 Qf6 35. Qd2 Qf7 36. Be6 Qf6 37. Ne4 Rbb8 38.
Nxf6 Rxf6 39. Qa5 Nb3 40. Qc7+ Kh8 41. Qxb8+ 1-0

[Event "*** Titled Tuesday Blitz"]
[Site "Chess.com"]
[Date "2021.02.09"]
[Round "6"]
[White "Sam_ChessMood"]
[Black "elohunter1999"]
[Result "1-0"]
[WhiteElo "2843"]
[BlackElo "2661"]
[TimeControl "180+1"]
[EndTime "11:09:04 PST"]
[Termination "Sam_ChessMood won by resignation"]

1. e4 e5 2. Nf3 d6 3. d4 exd4 4. Nxd4 Nf6 5. Nc3 Be7 6. Bd3 O-O 7. O-O Re8 8. Re1 Bf8 9. h3 c6 10. f4 Nbd7 11. Nf3 Nc5 12. a4 a5 13. Kh1 g6 14.
Bd2 Bg7 15. Re2 d5 16. e5 Nh5 17. Kh2 Ne6 18. g3 f6 19. Qg1 fxe5 20. Nxe5 Nf6 21. Rae1 Qd6 22. Nd1 Nc5 23. b3 Nxd3 24. cxd3 Bf5 25.
Nf2 Rad8 26. g4 Bd7 27. Bxa5 Ra8 28. Bd2 c5 29. Qg3 b6 30. f5 gxf5 31. Bf4 Qf8 32.
Nxd7 Nxd7 33. Bd6 Qf7 34. gxf5 Rxe2 35. Rxe2 Kh8 36. Re7 Qxe7 37. Bxe7 Be5 38. Qxe5+ Nxe5 39. Bf6+ Kg8 40. Bxe5 Re8 41. Ng4 Kf7 42. Nh6+ Kf8 43. d4 c4 44. bxc4 dxc4 45. f6 c3 46. Bd6+ Re7 47.
Bxe7+ Ke8 48. Ba3 1-0

[Event "*** Titled Tuesday Blitz"]
[Site "Chess.com"]
[Date "2021.02.09"]
[Round "6"]
[White "esteban062000"]
[Black "BabyBoss31"]
[Result "1/2-1/2"]
[WhiteElo "2156"]
[BlackElo "2336"]
[TimeControl "180+1"]
[EndTime "11:09:04 PST"]
[Termination "Game drawn by repetition"]

1. Nf3 c6 2. c4 d5 3. b3 Nf6 4. g3 Bf5 5. Bg2 e6 6. O-O Nbd7 7. Bb2 Be7 8. d3 O-O 9. Nc3 a6 10. Qd2 b5 11. cxd5 cxd5 12. Nd4 Bg6 13. Nc6 Qe8 14.
Nxe7+ Qxe7 15. Rac1 Rac8 16. e3 Nc5 17. Ba3 Qb7 18.
Nxd5 exd5 19. Bxc5 Rfd8 20. Bd4 Ne8 21. Bh3 Rc7 22.
Rxc7 Nxc7 23. Qa5 Ra8 24. Rc1 Ne8 25. Qc3 h6 26. Bg2 Qd7 27. Bf1 a5 28. Qc6 Qxc6 29. Rxc6 a4 30. b4 Rb8 31. Rb6 Rxb6 32. Bxb6 Nd6 33.
a3 f6 34. Bc5 Nb7 35. Bg2 Bf7 36. d4 Be6 37. Bf1 Bd7 38. Bd3 Bc6 39. Kf1 g6 40. Ke2 f5 41. f3 Kf7 42. e4 fxe4 43. fxe4 dxe4 44. Bc2 Kf6 45. Ke3 Nd8 46. Bxe4 Bd7 47. Bd3 Ne6 48. d5 Nxc5 49. bxc5 Ke5 50. d6 Kd5 51. Bxg6 Kxc5 52. Kd3 Kxd6 53. Kc3 Kc5 54. Bf7 Bg4 55. Ba2 h5 56. Bb1 Bf3 57. Bd3 Bg2 58. Bf5 Bf3 59. Bg6 Bg4 60. Be4 Be2 61. Bg6 Bg4 62. Bf7 Bf3 63. Bg6 Bg4 1/2-1/2